 Dungeon Crawl Stone Soup version 0.23.2-33-g5129a83184 (webtiles) character file.

Game seed: 3105802233035596650

159 Speissi the Skirmisher (level 5, -3/42 HPs)
             Began as a Demonspawn Chaos Knight on July 19, 2019.
             Was a Plaything of Xom.
             Splashed by a jelly's acid (8 damage)
             ... on level 3 of the Dungeon.
             The game lasted 00:09:23 (961 turns).

Speissi the Skirmisher (Demonspawn Chaos Knight)     Turns: 961, Time: 00:09:24

Health: -3/42      AC:  1    Str: 13    XL:     5   Next: 17%
Magic:  5/5        EV: 17    Int: 14    God:    Xom [..*...]
Gold:   119        SH:  0    Dex: 17    Spells: 4/4 levels left

rFire    . . .     SeeInvis .   a - +2 spear (chaos)
rCold    . . .     Gourm    .   (no shield)
rNeg     . . .     Faith    .   b - +2 leather armour
rPois    .         Spirit   .   (helmet restricted)
rElec    .         Reflect  .   (no cloak)
rCorr    .         Harm     .   (no gloves)
MR       .....                  (no boots)
Stlth    +++++.....             (no amulet)
HPRegen  0.14/turn              (no ring)
MPRegen  0.09/turn              (no ring)

@: agile, corroded
A: horns 1, nightstalker 2, rot immunity
a: Renounce Religion


You were on level 3 of the Dungeon.
You worshipped Xom.
You were a toy of Xom.
You were not hungry.

You visited 1 branch of the dungeon, and saw 3 of its levels.

You collected 119 gold pieces.

Inventory:

Hand Weapons
 a - a +2 spear of chaos (weapon)
Armour
 b - a +2 leather armour (worn)
Scrolls
 d - 2 scrolls of blinking
 f - a scroll of teleportation {unknown}
 j - a scroll of random uselessness {unknown}
 k - a scroll of enchant armour {unknown}
 l - a scroll of magic mapping {unknown}
 n - a scroll of remove curse {unknown}
Potions
 e - a potion of curing {unknown}
 g - a potion of brilliance {unknown}
 h - a potion of might {unknown}
 m - a potion of heal wounds {unknown}
 o - 2 potions of cancellation {unknown}
Comestibles
 c - 2 rations


   Skills:
 + Level 4.0 Fighting
 + Level 4.0 Polearms
 + Level 2.3 Armour
 + Level 1.6 Dodging
 + Level 0.7 Stealth


You had 4 spell levels left.
You didn't know any spells.
Your spell library was empty.

Dungeon Overview and Level Annotations

Branches:
Dungeon (3/15)

Altars:


Innate Abilities, Weirdness & Mutations

You have a pair of small horns on your head.
You are significantly more attuned to the shadows.
You are immune to rotting.


Message History

You feel agile all of a sudden. The jelly hits you.
You are splashed with acid.
The jelly barely misses you.
You are too injured to fight recklessly!
You are too injured to fight recklessly!
You are too injured to fight recklessly!
You hit the jelly.
Your hands burn!
The jelly is almost dead.
The jelly closely misses you.
You hit the jelly but do no damage.
Your hands burn!
You headbutt the jelly, but do no damage.
The jelly is almost dead.
The jelly hits you. The acid corrodes you!
You are splashed with acid.
* * * LOW HITPOINT WARNING * * *
The jelly closely misses you. The jelly misses you. The jelly hits you.
* * * LOW HITPOINT WARNING * * *
You are splashed with acid!
You die...
Xom chuckles heartily!

#.......(.
#..##...
#####.########
.#.# ###
#.......# .#
#.###.#.# #....#
. #....## ..
#.....## ...
##......####....
.....@J....†...!
##..#...####....
#......# ...
#.####.# .. #
#.# . ..#


You could see a jelly (berserk).

Vanquished Creatures
  An ice beast (D:3)
  An adder (D:2)
  A shadow imp (D:3)
  2 oozes (D:3)
  A leopard gecko (D:1)
  An orc (D:3)
  A giant cockroach (D:1)
  6 goblins
  5 hobgoblins
  7 jackals (D:1)
  A kobold (D:1)
  2 quokkas (D:2)
  2 bats
  5 frilled lizards
  A rat (D:1)
37 creatures vanquished.

Notes
Turn   | Place    | Note
-------+----------+-------------------------------------------
     0 | D:1      | Speissi the Demonspawn Chaos Knight began the quest for the
                  | Orb.
     0 | D:1      | Reached XP level 1. HP: 18/18 MP: 1/1
    15 | D:1      | XOM: harmless Chrm miscast
   108 | D:1      | Gained mutation: You are immune to rotting. [demonic
                  | ancestry]
   108 | D:1      | Reached XP level 2. HP: 19/24 MP: 2/2
   427 | D:1      | Reached skill level 1 in Dodging
   427 | D:1      | Gained mutation: You have a pair of small horns on your
                  | head. [demonic ancestry]
   427 | D:1      | Reached XP level 3. HP: 29/29 MP: 3/3
   694 | D:2      | XOM: potion effect (invisibility)
   766 | D:3      | Noticed an ice beast
   768 | D:3      | XOM: potion effect (haste)
   797 | D:3      | XOM: silly message
   800 | D:3      | XOM: potion effect (haste)
   801 | D:3      | XOM: potion effect (might)
   806 | D:3      | Killed an ice beast
   806 | D:3      | Gained mutation: You are slightly more attuned to the
                  | shadows. [demonic ancestry]
   806 | D:3      | Reached XP level 4. HP: 17/37 MP: 4/4
   806 | D:3      | Gained mutation: You are significantly more attuned to the
                  | shadows. [demonic ancestry]
   806 | D:3      | Reached XP level 5. HP: 20/42 MP: 5/5
   921 | D:3      | Found a faded altar of an unknown god.
   954 | D:3      | XOM: potion effect (agility)
   961 | D:3      | Splashed by a jelly's acid

Skill      XL: |  1  2  3  4  5 |
---------------+----------------+-----
Polearms       | 3 4 |  4.0
Dodging        | 1 |  1.6
Armour         | 2 |  2.3
Fighting       | 4 |  4.0
Stealth        | |  0.7

Action                   |  1- 3 |  4- 6 || total
-------------------------+-------+-------++-------
Melee: Spear             |   117 |    16 ||   133
       Headbutt          |     7 |     3 ||    10
  Use: Scroll            |     3 |     3 ||     6
 Stab: Sleeping          |     1 |     1 ||     2
       Paralysed         |     1 |       ||     1
Armor: Leather armour    |    31 |     1 ||    32
Dodge: Dodged            |    53 |    12 ||    65
